 Dungeon Crawl Stone Soup version 0.29-a0-317-gd16b76e6b1 (webtiles) character file.

Game seed: 6721401216577063783

1973 kae the Firebug (level 9, -3/52 HPs)
             Began as a Tengu Fire Elementalist on Mar 31, 2022.
             Was an Initiate of Vehumet.
             Slain by a steam dragon (8 damage)
             ... on level 7 of the Dungeon.
             The game lasted 00:04:55 (8559 turns).

kae the Firebug (Tengu Fire Elementalist)           Turns: 8559, Time: 00:04:56

Health: -3/52      AC:  6    Str: 13    XL:     9   Next: 20%
Magic:  1/16       EV: 16    Int: 20    God:    Vehumet [......]
Gold:   272        SH:  0    Dex: 14    Spells: 3/16 levels left

rFire   . . .      SeeInvis +   e - +3 dagger (venom)
rCold   . . .      Faith    .   (no shield)
rNeg    + . .      Spirit   .   u - +3 leather armour of Space {rN+ rCorr Str+4}
rPois   .          Reflect  .   (helmet restricted)
rElec   .          Harm     .   (no cloak)
rCorr   +          Rampage  .   (no gloves)
Will    .....                   (boots unavailable)
Stlth   ++........              (no amulet)
HPRegen 0.17/turn               c - ring of see invisible
MPRegen 0.15/turn               (no ring)

@: flying quickly and evasively, quick
A: beak, talons 3, nimble flight
a: Renounce Religion


You were on level 7 of the Dungeon.
You worshipped Vehumet.
Vehumet was noncommittal.
You visited 2 branches of the dungeon, and saw 8 of its levels.

You collected 451 gold pieces.
You spent 179 gold pieces at shops.

Inventory:

Hand Weapons
 e - a +3 dagger of venom (weapon)
Armour
 a - a +1 robe
 u - the +3 leather armour of Space (worn) {rN+ rCorr Str+4}
   (You found it on level 4 of the Dungeon)

   Str:       It affects your strength (+4).
   rN:        It protects you from negative energy.
   rCorr:     It protects you from acid and corrosion.
Jewellery
 c - a ring of see invisible (left hand)
 i - a ring of flight
 q - an amulet of faith
Scrolls
 d - 2 scrolls of enchant armour
 f - 2 scrolls of enchant weapon
 h - 3 scrolls of blinking
 k - a scroll of amnesia
 s - 2 scrolls of identify
 v - 2 scrolls of teleportation
 x - a scroll of fear
Potions
 b - 4 potions of magic
 g - a potion of might
 j - 2 potions of berserk rage
 l - 5 potions of curing
 m - a potion of brilliance
 n - a potion of degeneration
 o - a potion of flight
 p - 2 potions of lignification
 r - a potion of heal wounds
 w - a potion of mutation


   Skills:
 + Level 4.1 Fighting
 + Level 4.5 Armour
 + Level 5.3 Dodging
 - Level 2.0 Stealth
 + Level 4.3 Spellcasting
 + Level 5.9 Conjurations
 * Level 7.7 Fire Magic


You had 3 spell levels left.
You knew the following spells:

 Your Spells              Type           Power      Damage    Failure   Level
a - Foxfire               Conj/Fire      100%       2x1d9     1%          1
b - Scorch                Fire           70%        2d9       1%          2
c - Conjure Flame         Conj/Fire      31%        6-21      2%          3
d - Inner Flame           Hex/Fire       19%        N/A       10%         3
e - Flame Wave            Conj/Fire      31%        2d8       9%          4

Your spell library contained the following spells:

 Spells                   Type           Power      Damage    Failure   Level
 Slow                     Hex            16%        N/A       16%         1
 Ensorcelled Hibernation  Hex/Ice        8%         N/A       22%         2
 Confusing Touch          Hex            4%         N/A       41%         3
 Spider Form              Tmut/Pois      4%         N/A       41%         3
 Vampiric Draining        Necr           4%         2d6       41%         3
 Anguish                  Hex/Necr       2%         N/A       83%         4


Dungeon Overview and Level Annotations

Branches:
Dungeon (7/15)             Temple (1/1) D:6

Altars:
Ashenzari
Cheibriados
Dithmenos
Elyvilon
Fedhas
Gozag
Hepliaklqana
Kikubaaqudgha
Makhleb
Nemelex Xobeh
Okawaru
Qazlal
Ru
Sif Muna
Trog
Uskayaw
Vehumet
Wu Jian
Xom
Yredelemnul
Zin
The Shining One

Shops:
D:3 =   D:5 =**(*   D:6 ?

Annotations:
D:6 exclusion: steam dragon


Innate Abilities, Weirdness & Mutations

You have a beak for a mouth.
You have claws for feet.
Your magical nature lets you fly swiftly and evasively.


Message History

Casting: Foxfire (safe; 1% risk of failure)
Confirm with . or Enter, or press ? or * to list all spells.
You conjure some foxfire!
The foxfire hits the steam dragon.
The steam dragon is moderately wounded.
Casting: Foxfire (safe; 1% risk of failure)
Confirm with . or Enter, or press ? or * to list all spells.
You conjure some foxfire!
The steam dragon breathes steam at you. The ball of steam hits your foxfire.
Your foxfire resists.
The ball of steam hits you!! The ball of steam hits your foxfire.
Your foxfire resists.
You are engulfed in a cloud of scalding steam.
* * * LOW HITPOINT WARNING * * *
The foxfire hits the steam dragon but does no damage.
The steam dragon is moderately wounded.
Casting: Foxfire (safe; 1% risk of failure)
Confirm with . or Enter, or press ? or * to list all spells.
Flames lash the steam dragon but do no damage.
You are engulfed in a cloud of scalding steam.
* * * LOW HITPOINT WARNING * * *
You are engulfed in a cloud of scalding steam.
* * * LOW HITPOINT WARNING * * *
Casting: Scorch (safe; 1% risk of failure)
Confirm with . or Enter, or press ? or * to list all spells.
Flames lash the steam dragon but do no damage.
The steam dragon barely misses you. The steam dragon closely misses you.
The steam dragon breathes steam at you. The ball of steam hits you.
* * * LOW HITPOINT WARNING * * *
Casting: Scorch (safe; 1% risk of failure)
Confirm with . or Enter, or press ? or * to list all spells.
Flames lash the steam dragon.
The steam dragon is severely wounded.
The steam dragon's fire resistance burns away.
You are engulfed in a cloud of scalding steam.
* * * LOW HITPOINT WARNING * * *
The steam dragon bites you!
You die...

......# #.#.#.#....#
...#..# #.#.#.#.#.##
...##.# #.#.#......#
.§.##.# #.#.#.#.####
§†.##.# #.#.#.#.#
...##.### #.#.#.#.#
........# #.#.#.#.#
........##########.#.#.#.#
......>..†.....D@§§#.#.#.#
.....≈.≈############.#.#.#
........# #.#.#.###
[.......# #.#.....#
........# #.#.#.#.#
######### #<......#
#.#.##### #.#.....#
#.#####.#


You could see a steam dragon (catching breath, combustible).

Vanquished Creatures
  Pikel (D:4)
  An ice beast (Temple)
  A sky beast (D:7)
  An ogre (D:7)
  A phantom (D:6)
  3 lemures
  A bullfrog (D:7)
  3 scorpions
  A necrophage (D:6)
  4 jellies
  2 orc priests
  A gnoll shaman (D:6)
  5 hounds
  4 iguanas
  Natasha (thrice) (D:2)
  3 orc wizards
  3 gnolls
  6 adders
  A shadow imp (D:6)
  A white imp (Temple)
  3 dart slugs
  18 orcs
  9 endoplasms
  3 giant cockroaches
  9 goblins
  6 hobgoblins
  2 jackals (D:1)
  A quokka (D:2)
  10 ball pythons
  8 bats
  3 frilled lizards
  11 kobolds
  8 rats
137 creatures vanquished.

Vanquished Creatures (collateral kills)
  A foxfire (D:2)
1 creature vanquished.

Vanquished Creatures (others)
  A sky beast (D:7)
  394 foxfires
  A plant (D:2)
396 creatures vanquished.

Grand Total: 534 creatures vanquished

Notes
Turn   | Place    | Note
-------+----------+-------------------------------------------
     0 | D:1      | kae the Tengu Fire Elementalist began the quest for the
                  | Orb.
     0 | D:1      | Reached XP level 1. HP: 10/10 MP: 4/4
   216 | D:1      | Reached XP level 2. HP: 15/15 MP: 4/6
   257 | D:1      | Found a faded altar of an unknown god.
  1003 | D:1      | Reached XP level 3. HP: 20/20 MP: 1/7
  1498 | D:2      | Learned a level 2 spell: Scorch
  1502 | D:2      | Learned a level 3 spell: Conjure Flame
  1541 | D:2      | Noticed Natasha
  1547 | D:2      | Killed Natasha
  1548 | D:2      | Reached skill level 1 in Armour
  1548 | D:2      | Reached skill level 4 in Fire Magic
  1732 | D:2      | Reached XP level 4. HP: 24/24 MP: 4/8
  1741 | D:2      | Noticed Natasha
  1750 | D:2      | Killed Natasha
  1751 | D:2      | Reached skill level 1 in Fighting
  1824 | D:2      | Noticed Natasha
  1832 | D:2      | Killed Natasha
  1838 | D:2      | Gained mutation: Your magical nature lets you fly swiftly
                  | and evasively. [Tengu growth]
  1838 | D:2      | Reached XP level 5. HP: 8/29 MP: 5/9
  2324 | D:2      | Found a shadowy altar of Dithmenos.
  2896 | D:3      | Found Ritiobb's Jewellery Boutique.
  3289 | D:3      | Identified the +11 rapier "Esieh" {vorpal, Str+2}
  3312 | D:3      | Found a glowing silver altar of Zin.
  3573 | D:4      | Reached XP level 6. HP: 21/35 MP: 10/10
  3869 | D:4      | Reached skill level 5 in Fire Magic
  4042 | D:4      | Identified the +3 leather armour of Space {rN+ rCorr Str+4}
  4554 | D:5      | Entered Level 5 of the Dungeon
  4689 | D:5      | Noticed Pikel
  5191 | D:4      | Killed Pikel
  5192 | D:4      | Reached skill level 6 in Fire Magic
  5192 | D:4      | Reached XP level 7. HP: 36/40 MP: 0/13
  5337 | D:5      | Reached XP level 8. HP: 37/45 MP: 11/14
  5436 | D:5      | Found Mopaimme's General Store.
  5437 | D:5      | Found Ajiugh's Assorted Antiques.
  5448 | D:5      | Learned a level 3 spell: Inner Flame
  5453 | D:5      | Learned a level 4 spell: Flame Wave
  5457 | D:5      | Bought a scroll of identify for 38 gold pieces
  5465 | D:5      | Found Baxuowi's Jewellery Shoppe.
  5895 | D:5      | Found Suysmiz's Antique Weapon Shoppe.
  5911 | D:5      | Found Gihecyv's General Store.
  5918 | D:5      | Bought a scroll of identify for 26 gold pieces
  6010 | D:6      | Found a staircase to the Ecumenical Temple.
  6034 | Temple   | Entered the Ecumenical Temple
  6467 | Temple   | Became a worshipper of Vehumet
  6768 | D:6      | Found Beqibe's Magic Scroll Boutique.
  6837 | D:6      | Reached skill level 5 in Conjurations
  6972 | D:6      | Bought a scroll of identify for 22 gold pieces
  6972 | D:6      | Bought a scroll of identify for 22 gold pieces
  6972 | D:6      | Bought a scroll of teleportation for 33 gold pieces
  6972 | D:6      | Bought a scroll of fear for 38 gold pieces
  7019 | D:6      | Found a bloodstained altar of Trog.
  7104 | D:6      | Reached skill level 7 in Fire Magic
  8097 | D:6      | Reached skill level 5 in Dodging
  8163 | D:7      | Reached XP level 9. HP: 30/52 MP: 7/16
  8559 | D:7      | Slain by a steam dragon

Illustrated notes

Levels and vault maps discovered:
D:1:      lemuel_arrival_cross, layout_basic,
          shapermc_ecumenical_altar_hornbeckon
D:2:      layout_rooms, basic_altar, serial_forest,
          infiniplex_forest_lined_ring, infiniplex_forest_straight_3,
          infiniplex_forest_lined_3, infiniplex_forest_lined_3,
          infiniplex_forest_zigzag_1, infiniplex_forest_lined_2,
          infiniplex_forest_pool, infiniplex_forest_side_room,
          infiniplex_forest_clump_tiny, minmay_joined_circles, uniq_natasha
D:3:      layout_rooms, mainiacjoe_overflow_small_starburst, serial_shops, shop,
          serial_curves, eino_curves_01, eino_curves_04
D:4:      layout_cave_pods, corexii_shack, hex_tiny
D:5:      layout_rooms, serial_shops, nicolae_shop_waterfront, shop, shop, shop,
          shop, uniq_pikel
D:6:      layout_basic, lemuel_tele_altar, minmay_temple_entry_offerings,
          kennysheep_decorative_pillar, kennysheep_windowed_goal
D:7:      layout_basic, enter_bailey_8, hangedman_misty_isle
Temple:   mainiacjoe_temple_bowtie_tessellation

Skill      XL: |  1  2  3  4  5  6  7  8  9 |
---------------+----------------------------+-----
Armour         | 1 2 3 4 |  4.5
Conjurations   | 2 3 4 5 |  5.9
Fire Magic     | 4 6 7 |  7.7
Fighting       | 1 2 3 4 |  4.1
Dodging        | 3 4 5 |  5.3
Spellcasting   | 3 4 |  4.3
Stealth        | |  2.0

Action                   |  1- 3 |  4- 6 |  7- 9 || total
-------------------------+-------+-------+-------++-------
Melee: Dagger            |    10 |    53 |    32 ||    95
       Kick              |     2 |    19 |    11 ||    32
       Peck              |       |     8 |     4 ||    12
 Cast: Foxfire           |    61 |   108 |    65 ||   234
       Scorch            |       |     5 |    41 ||    46
       Conjure Flame     |       |     1 |     1 ||     2
  Use: Scroll            |       |    15 |     5 ||    20
 Stab: Sleeping          |       |       |     1 ||     1
Armor: Robe              |     7 |     6 |       ||    13
       Leather armour    |       |     7 |    16 ||    23
Dodge: Dodged            |    15 |    57 |    63 ||   135

Table legend: (Time is in decaauts)
 A = Elapsed time spent in this place.
 B = Non-inter-level travel time spent in this place.
 C = Inter-level travel time spent in this place.
 D = Time resting spent in this place.
 E = Time spent auto-exploring this place.
 F = Levels seen in this place.
 G = Mean time per level.
                   A        B        C        D        E       F      G
               +--------+--------+--------+--------+--------+-----+--------+
         Total |   8258 |   7978 |    280 |    937 |   5858 |   8 | 1032.2 |
       Dungeon |   7679 |   7439 |    240 |    726 |   5562 |   7 | 1097.0 |
        Temple |    579 |    540 |     39 |    211 |    296 |   1 |  579.0 |
               +--------+--------+--------+--------+--------+-----+--------+

Top non-repeatable levels by time:
     D:4: 1572 daAuts
     D:1: 1500 daAuts
     D:6: 1487 daAuts
     D:2: 1324 daAuts
     D:5: 836 daAuts
     D:3: 594 daAuts
  Temple: 579 daAuts
     D:7: 363 daAuts
